Workbook

Sheet BDI (24,19%)
B4: Quadro de Composição do BDI
B6: Construção e Reforma de Edifícios
B8: Conforme legislação tributária municipal, definir estimativa de percentual da base de cálculo para o ISS: | G8: 1
B9: Sobre a base de cálculo, definir a respectiva alíquota do ISS (entre 2% e 5%): | G9: 0.05
B11: Itens | C11: Siglas | D11: Preencher percentuais das parcelas do BDI | E11: Situação intervalo admissível | F11: 1º Quartil | G11: Médio | H11: 3º Quartil
B12: Administração Central | C12: AC | D12: 0.035 | E12: - | F12: 0.03 | G12: 0.04 | H12: 0.055
B13: Seguro e Garantia | C13: SG | D13: 0.008 | E13: - | F13: 0.008 | G13: 0.008 | H13: 0.01
B14: Risco | C14: R | D14: 0.0127 | E14: - | F14: 0.0097 | G14: 0.0127 | H14: 0.0127
B15: Despesas Financeiras | C15: DF | D15: 0.0123 | E15: - | F15: 0.0059 | G15: 0.0123 | H15: 0.0139
B16: Lucro | C16: L | D16: 0.0616 | E16: - | F16: 0.0616 | G16: 0.074 | H16: 0.0896
B17: Tributos (impostos COFINS 3%, e PIS 0,65%) | C17: CP | D17: 0.0365 | E17: =IF(AND(D17>=F17, D17<=H17), "OK", "Não OK") -> OK | F17: 0.0365 | G17: 0.0365 | H17: 0.0365
B18: Tributos (ISS, variável de acordo com o município) | C18: ISS | D18: =G9*G8 -> 0.05 | E18: =IF(AND(D18>=F18, D18<=H18), "OK", "Não OK") -> OK | F18: 0 | G18: 0.025 | H18: 0.05
B19: Tributos (Contribuição Previdenciária - 0% ou 4,5%, conforme Lei 13.161/2015 - Desoneração) | C19: CPRB | D19: 0 | E19: =IF(AND(D19>=F19, D19<=H19), "OK", "Não OK") -> OK | F19: 0 | G19: 0.02 | H19: 0.045
B20: Fórmula de BDI adotado conforme Acórdão TCU | C20: BDI PAD | D20: =ROUND((((1+D12+D13+D14)*(1+D15)*(1+D16)/(1-(D17+D18)))-1),4) -> 0.2419 | E20: =IF(AND(D20>=F20, D20<=H20), "OK", "Não OK") -> OK | F20: 0.2034 | G20: 0.2212 | H20: 0.25
B21: BDI SINAPI DESONERADO (A ser aplicado na Planilha Orçamentária) | C21: BDI DES | D21: =ROUND((((1+D12+D13+D14)*(1+D15)*(1+D16)/(1-(D17+D18+D19)))-1),4) -> 0.2419 | E21: =IF(COUNTIF($E$12:$E$20,"NÃO OK")>0,"NÃO OK","OK") -> OK
B23: Os valores de BDI foram calculados com o emprego da fórmula abaixo:
B25: Declaro para os devidos fins que, conforme legislação tributária municipal, a base de cálculo para Construção e Reforma de Edifícios, é de 50%, com a respectiva alíquota de 5%.
B26: Declaro para os devidos fins que para o cálculo deste BDI, optamos pelo Orçamento SEM DESONERAÇÃO, e que esta alternativa é a mais adequada para a Administração Pública.

Sheet Planilha
B4: PLANILHA ORÇAMENTÁRIA - COM DESONERAÇÃO | I4: 46184
B7: Unidade | C7: UBS SÃO FRANCISCO | I7: BDI= | J7: ='BDI (24,19%)'!D21 -> 0.2419
B8: Objeto | C8: REVITALIZAÇÃO DO MADEIRAMENTO APARENTE DO TELHADO
B9: Local | C9: RUA JOSÉ SECCO, 750
C10: SÃO FRANCISCO | G10: Cidade: | H10: SÃO JOSÉ DO RIO PRETO - SP
B12: REF.: PREÇOS: SINAPI-ABR./2026; CDHU-BOL.201; FDE-ABR./2026; ORSE-MAR./2026
B14: ITEM | C14: FONTE | D14: CÓDIGO | E14: DESCRIÇÃO | F14: UNID | G14: QUANT | H14: CUSTO UNITÁRIO (R$) | I14: UNITÁRIO COM BDI (R$) | J14: VALOR TOTAL COM BDI (R$)
B15: 1.1 | E15: PREPARAÇÃO | J15: =SUM(J16:J18) -> 3543.99
B16: 1.1.2 | C16: FDE | D16: 16.35.014 | E16: LIMPEZA DO SUBSTRATO COM APLICACAO DE JATO DE AGUA FRIA | F16: M2 | G16: 166.53 | H16: 11.98 | I16: =ROUND(ROUND(H16,2)*(1+J$7),2) -> 14.88 | J16: =ROUND(G16*I16,2) -> 2477.97
B17: 1.1.3 | C17: CDHU-SD | D17: 04.09.160 | E17: RETIRADA DE ENTELAMENTO METÁLICO EM GERAL | F17: M2 | G17: 91 | H17: 4.79 | I17: =ROUND(ROUND(H17,2)*(1+J$7),2) -> 5.95 | J17: =ROUND(G17*I17,2) -> 541.45
B18: 1.1.4 | C18: SINAPI | D18: 102193 | E18: LIXAMENTO DE MADEIRA PARA APLICAÇÃO DE FUNDO OU PINTURA. AF_01/2021 | F18: M2 | G18: 166.53 | H18: 2.54 | I18: =ROUND(ROUND(H18,2)*(1+J$7),2) -> 3.15 | J18: =ROUND(G18*I18,2) -> 524.57
B19: 1.1 | E19: PINTURA | J19: =SUM(J20) -> 5478.36
B20: 1.1.4 | C20: SINAPI | D20: 102213 | E20: PINTURA VERNIZ (INCOLOR) ALQUÍDICO EM MADEIRA, USO INTERNO E EXTERNO, 2 DEMÃOS. AF_01/2021 | F20: M2 | G20: 174.86 | H20: 25.23 | I20: =ROUND(ROUND(H20,2)*(1+J$7),2) -> 31.33 | J20: =ROUND(G20*I20,2) -> 5478.36
B21: 1.1 | E21: FORRO PVC | J21: =SUM(J22) -> 16917.78
B22: 1.1.4 | C22: CDHU-SD | D22: 22.03.070 | E22: FORRO EM LÂMINA DE PVC AMADEIRADO | F22: M2 | G22: 166.53 | H22: 81.8 | I22: =ROUND(ROUND(H22,2)*(1+J$7),2) -> 101.59 | J22: =ROUND(G22*I22,2) -> 16917.78
B23: 1.1 | E23: PINTURA | J23: =SUM(J24) -> 3288.97
B24: 1.1.4 | C24: CDHU-SD | D24: 55.01.020 | E24: LIMPEZA FINAL DA OBRA | G24: 166.53 | H24: 15.9 | I24: =ROUND(ROUND(H24,2)*(1+J$7),2) -> 19.75 | J24: =ROUND(G24*I24,2) -> 3288.97
E26: TOTAL DO ORÇAMENTO | J26: =J15+J19+J21+J23 -> 29229.1
B28: Altamir Roberto Marascalchi Filho - Eng° Civil - CREA 5070622761
B29: e-mail: sms.obras@riopreto.sp.gov.br - (17) 3216-9787

Sheet Cronograma
J3: CRONOGRAMA FÍSICO - FINANCEIRO
B4: UNIDADE: | E4: =Planilha!C7 -> UBS SÃO FRANCISCO
B5: OBJETO: | E5: =Planilha!C8 -> REVITALIZAÇÃO DO MADEIRAMENTO APARENTE DO TELHADO | M5: CIDADE: | N5: SÃO JOSÉ DO RIO PRETO - SP
B6: LOCAL: | E6: =Planilha!C9 -> RUA JOSÉ SECCO, 750 | F6: =Planilha!C10 -> SÃO FRANCISCO
B7: ITEM | E7: DESCRIÇÃO | F7: VALOR (R$) | G7: % | H7: 1 | K7: 2 | N7: 3 | Q7: 4
H9: R$ | I9: % | J9: %ACUM. | K9: R$ | L9: % | M9: %ACUM. | N9: R$ | O9: % | P9: %ACUM. | Q9: R$ | R9: % | S9: %ACUM.
E10: REVITALIZAÇÃO DO MADEIRAMENTO APARENTE DO TELHADO | F10: =Planilha!J26 -> 29229.1 | G10: =F10/F$12 -> 1 | H10: =$F10*I10% -> 14614.55 | I10: 50 | J10: =I10 -> 50 | K10: =$F10*L10% -> 14614.55 | L10: 50 | M10: =L10+J10 -> 100 | N10: =$F10*O10% -> 0 | O10: 0 | P10: =O10+M10 -> 100 | Q10: =$F10*R10% -> 0 | R10: 0 | S10: =R10+P10 -> 100
B12: TOTAIS | E12: ORÇAMENTO | F12: =SUM(F10:F10) -> 29229.1 | G12: =SUM(G10:G10) -> 1
E13: % EXECUTADO NO PERÍODO | H13: =H15/$F$12 -> 0.5 | K13: =K15/$F$12 -> 0.5 | N13: =N15/$F$12 -> 0 | Q13: =Q15/$F$12 -> 0
E14: % ACUMULADO NO PERÍODO | H14: =H13 -> 0.5 | K14: =K13+H14 -> 1 | N14: =N13+K14 -> 1 | Q14: =Q13+N14 -> 1
E15: VALOR (R$) EXECUTADO NO PERÍODO | H15: =SUM(H10:H10) -> 14614.55 | K15: =SUM(K10:K10) -> 14614.55 | N15: =SUM(N10:N10) -> 0 | Q15: =SUM(Q10:Q10) -> 0
E16: VALOR (R$) ACUMULADO NO PERÍODO | H16: =H15 -> 14614.55 | K16: =K15+H16 -> 29229.1 | N16: =N15+K16 -> 29229.1 | Q16: =Q15+N16 -> 29229.1
H18: Altamir Roberto Marascalchi Filho - Eng° Civil - CREA 5070622761
B19: e-mail: sms.obras@riopreto.sp.gov.br - (17) 3216-9787
